 Dungeon Crawl Stone Soup version 0.19.1-1-g22dce08 (webtiles) character file.

65 Gurkenglas the Vexing (level 3, -9/17 HPs)
             Began as a Spriggan Arcane Marksman on Jan 8, 2017.
             Killed by nerve-wracking pain
             ... invoked by an orc priest
              (14 damage)
             ... on level 4 of the Dungeon on Jan 9, 2017.
             The game lasted 00:15:30 (3222 turns).

Gurkenglas the Vexing (Spriggan Arcane Marksman)    Turns: 3222, Time: 00:15:31

Health: -9/17      AC:  2    Str:  7    XL:     3   Next: 94%
Magic:  8/8        EV: 18    Int: 14    God:
Gold:   119        SH:  0    Dex: 16    Spells: 2 memorised, 4 levels left

rFire  . . .     SeeInvis +     (weapon restricted)
rCold  . . .     Gourm    .     e - +0 robe
rNeg   . . .     Faith    .     (shield restricted)
rPois  .         Spirit   .     (helmet restricted)
rElec  .         Reflect  .     (no cloak)
rCorr  .         Harm     .     (gloves unavailable)
MR     .....                    (boots unavailable)
Stlth  ++........               (no amulet)
                                (no ring)
                                (no ring)

@: very quick
A: unfitting armour, see invisible, herbivore 3, speed 3, slow metabolism 2
a: no special abilities


You were on level 4 of the Dungeon.
You were not hungry.

You visited 1 branch of the dungeon, and saw 4 of its levels.

You collected 143 gold pieces.
You spent 24 gold pieces at shops.

Inventory:

Hand Weapons
 a - a +0 shortbow
Missiles
 d - 14 arrows
 n - 42 stones (quivered)
 o - 15 bolts
Armour
 e - a +0 robe (worn)
Scrolls
 b - 3 scrolls of identify {unknown}
 g - a scroll of magic mapping {unknown}
 j - a scroll of teleportation {unknown}
 k - 2 scrolls of enchant weapon {unknown}
 m - a scroll of noise {unknown}
 p - a scroll of amnesia {unknown}
Potions
 h - 2 potions of curing {unknown}
 i - a potion of haste {unknown}
 l - a potion of lignification {unknown}
Books
 c - a book of Debilitation

   Spells                             Type                      Level
   a - Corona                         Hexes                        1
   b - Slow                           Hexes                        2
   c - Gell's Gravitas                Hexes/Translocation          3
   d - Inner Flame                    Hexes/Fire                   3
   e - Cause Fear                     Hexes                        4
   f - Leda's Liquefaction            Hexes/Earth                  4
Comestibles
 f - 4 bread rations


   Skills:
 + Level 0.8 Fighting
 + Level 3.4 Bows
 + Level 3.2 Dodging
 + Level 0.4 Stealth
 + Level 2.6 Spellcasting
 + Level 4.4 Hexes


You had 4 spell levels left.
You knew the following spells:

 Your Spells              Type           Power        Failure   Level  Hunger
a - Corona                Hex            ##.....      3%          1    #......
b - Slow                  Hex            ##......     6%          2    ###....


Dungeon Overview and Level Annotations

Branches:
Dungeon (4/15)
 Temple: D:4-7

Altars:
Dithmenos
Yredelemnul

Shops:
D:4 *


Innate Abilities, Weirdness & Mutations

You are very small and have problems with some larger weapons.
You are too small for most types of armour.
You have supernaturally acute eyesight. (SInv)
You are a herbivore.
You cover ground extremely quickly.
You need consume almost no food.


Message History

There is an entrance to Sato's General Store here.
d - 14 arrows (gained 11) Thank you for shopping at Sato's General Store!
You start resting.
Casting: Corona
Confirm with . or Enter, or press ? or * to list all spells.
Aiming: Corona
Press: ? - help, Shift-Dir - straight line, f/p - orc
Aim: an orc, wielding a hand axe (chance to defeat MR: 68%)
The orc is outlined in light.
Throwing (i - inventory):
n - 43 stones (quivered)
Press: ? - help, Shift-Dir - straight line, f/p - orc
Aim: an orc, wielding a hand axe (softly glowing)
You throw a stone. The stone hits the orc.
The orc is lightly wounded.
You start resting.
The orc priest invokes the aid of Beogh against you.
Pain shoots through your body!
Ouch! That really hurt!
You die...

#.#.......########>###
#.#..###.......# #.#
#......#.......# #.#
#.......##.∩.###.#
#.####..#.#..#.....o..#
#..............#..#####
######o####..###..#
#.####o......#
#..@........##
#############


You could see an orc priest.

Vanquished Creatures
  3 adders (D:2)
  2 oozes
  A leopard gecko (D:2)
  A ball python (D:2)
  A giant cockroach (D:1)
  3 hobgoblins
  3 jackals (D:2)
  5 kobolds
  2 bats
  3 frilled lizards
  4 goblins
  2 rats
30 creatures vanquished.

Notes
Turn   | Place    | Note
-------+----------+-------------------------------------------
     0 | D:1      | Gurkenglas the Spriggan Arcane Marksman began the quest for the Orb.
     0 | D:1      | Reached XP level 1. HP: 9/9 MP: 3/3
   529 | D:1      | Reached XP level 2. HP: 14/14 MP: 2/5
   845 | D:2      | Learned a level 2 spell: Slow
   907 | D:2      | Reached skill level 4 in Hexes
  1048 | D:2      | Reached XP level 3. HP: 17/17 MP: 0/7
  1194 | D:2      | Found a basalt altar of Yredelemnul.
  1665 | D:2      | Found a shadowy altar of Dithmenos.
  3191 | D:4      | Found Sato's General Store.
  3196 | D:4      | Bought 11 arrows for 24 gold pieces
  3222 | D:4      | Killed from afar by an orc priest

Skill      XL: |  1  2 |
---------------+-------+-----
Bows           | 3 |  3.4
Spellcasting   | 2 |  2.6
Hexes          | 4 |  4.4
Fighting       | |  0.8
Dodging        | |  3.2
Stealth        | |  0.4

Action                   || total
-------------------------++-------
Melee: Unarmed           ||    28
 Fire: Shortbow          ||   125
Throw: Stone             ||    10
 Cast: Corona            ||    49
       Slow              ||    36
  Eat: Bread ration      ||     1
Armor: Robe              ||     3
Dodge: Dodged            ||    30
